 Dungeon Crawl Stone Soup version 0.16.0-17-g811c1d7 (console) character file.

212408 gw the Bludgeoner (level 18, -1/170 HPs)
             Began as a Deep Dwarf Gladiator on Mar 20, 2015.
             Was the Champion of Okawaru.
             Shot with a silver bolt by a yaktaur (7 damage)
             ... led by a vault warden
             ... on level 2 of the Vaults.
             The game lasted 01:00:51 (34626 turns).

gw the Bludgeoner (Deep Dwarf Gladiator)           Turns: 34626, Time: 01:00:51

Health: -1/170     AC: 49    Str: 21    XL:     18   Next: 24%
Magic:  0/0        EV:  7    Int: 10    God:    Okawaru [******]
Gold:   3273       SH:  0    Dex: 25    Spells: 0 memorised, 17 levels left

rFire  . . .     SeeInvis .     a - +9 morningstar {speed, rPois MR+ Str-2 Dex+2}
rCold  + + .     Clarity  .     O - +8 crystal plate armour "Priffov" {rC+ rN+ Str+5}
rNeg   + + .     SustAb   .     (no shield)
rPois  +         Gourm    .     c - +2 helmet
rElec  .         Spirit   .     C - +0 cloak {rPois}
rCorr  +         Warding  .     z - +2 pair of gloves "Gagrep" {rPois rC+ rCorr Str-2 Dex+4}
rMut   +         Stasis   .     j - +2 pair of boots
MR     +++..                    B - amulet of resist mutation
Stlth  ..........               E - +3 ring of slaying
                                h - +5 ring of protection

@: non-regenerating, extremely resistant to hostile enchantments, extremely
unstealthy
A: damage resistance, recharge devices, negative energy resistance 1, sense
surroundings 3, slow healing 3
a: Device Recharging, Heroism, Finesse, Renounce Religion
}: 1/15 runes: gossamer


You were on level 2 of the Vaults.
You worshipped Okawaru.
Okawaru was exalted by your worship.
You were not hungry.

You visited 6 branches of the dungeon, and saw 35 of its levels.
You also visited: Ice Cave.

You collected 3273 gold pieces.

Inventory:

Hand weapons
 a - the +9 morningstar of Linearity (weapon) {speed, rPois MR+ Str-2 Dex+2}
   (You found it on level 7 of the Lair of Beasts)

   Attacks with this weapon are significantly faster.
   It affects your strength (-2).
   It affects your dexterity (+2).
   It protects you from poison.
   It affects your resistance to hostile enchantments.
 b - the -1 triple crossbow "Igataeli" {penet, rPois MR+ Str+2}
   (Okawaru gifted it to you in an ice cave)

   Ammo fired by it will pass through the targets it hits, potentially hitting
   all targets in its path until it reaches maximum range.
   It affects your strength (+2).
   It protects you from poison.
   It affects your resistance to hostile enchantments.
Missiles
 d - 6 throwing nets
 G - 2 poisoned bolts
 H - 257 bolts
 K - 51 bolts of penetration
 L - 14 bolts of flame
 N - 25 steel bolts
 S - 46 bolts of frost
Armour
 c - a +2 helmet (worn)
 j - a +2 pair of boots (worn)
 z - the +2 pair of gloves "Gagrep" (worn) {rPois rC+ rCorr Str-2 Dex+4}
   (Okawaru gifted it to you on level 14 of the Dungeon)

   It affects your strength (-2).
   It affects your dexterity (+4).
   It protects you from cold.
   It protects you from poison.
   It protects you from acid and corrosion.
 C - a +0 cloak of poison resistance (worn)
 O - the +8 crystal plate armour "Priffov" (worn) {rC+ rN+ Str+5}
   (Okawaru gifted it to you on level 12 of the Dungeon)

   It affects your strength (+5).
   It protects you from cold.
   It protects you from negative energy.
Jewellery
 h - a +5 ring of protection (left hand)
 B - an amulet of resist mutation (around neck)
 E - a +3 ring of slaying (right hand)
Magical devices
 e - a wand of heal wounds (0)
 l - a wand of polymorph (16)
 o - a wand of teleportation (0)
 r - a wand of enslavement (24)
 v - a wand of teleportation (1)
 w - a wand of slowing (21)
 y - a wand of digging (7)
 F - a wand of confusion (22)
 I - a wand of flame (23)
 J - a wand of fireball (5)
 M - a wand of invisibility (5)
 R - a wand of cold (3)
 T - a wand of fire (13)
 U - a wand of teleportation (0)
Scrolls
 k - a scroll of magic mapping
 m - 3 scrolls of blinking
 n - a scroll of fog
 t - 19 scrolls of identify
 u - 6 scrolls of remove curse
 Q - a scroll of enchant weapon
Potions
 p - 10 potions of curing
 A - 2 potions of resistance
 D - 4 potions of ambrosia
 P - 2 potions of restore abilities
Comestibles
 f - 14 bread rations
 g - 10 slices of pizza
 i - 22 meat rations
 q - 18 fruits
 s - 4 royal jellies
 x - 11 beef jerkies


   Skills:
 + Level 12.8 Fighting
 * Level 19.3 Maces & Flails
 + Level 13.4 Crossbows
 - Level 1.7 Throwing
 + Level 15.2 Armour
 - Level 3.2 Dodging
 + Level 16.9 Invocations
 - Level 2.0 Evocations


You had 17 spell levels left.
You didn't know any spells.

Dungeon Overview and Level Annotations

Branches:
Dungeon (15/15)            Temple (1/1) D:4            Lair (8/8) D:8
 Shoals (0/5) Lair:4       Spider (5/5) Lair:3        Slime (0/6) Lair:7
    Orc (4/4) D:9             Elf (0/3) Orc:4        Vaults (2/5) D:14
 Depths (0/5) D:15
  Crypt: Vaults:2-3

Altars:
Ashenzari
Cheibriados
Dithmenos
Elyvilon
Fedhas
Gozag
Kikubaaqudgha
Makhleb
Nemelex Xobeh
Okawaru
Qazlal
Ru
Sif Muna
Trog
Vehumet
Xom
Yredelemnul
Zin
The Shining One
Beogh

Shops:
D:4 %   D:14 %   Orc:4 [!:!

Portals:
Trove: D:13 (give +4 demon trident)


Innate Abilities, Weirdness & Mutations

You are resistant to damage.
You can recharge devices by infusing magical energy.
You resist negative energy.
You passively map a large area around you.
You do not heal naturally.


Message History

There is an open door here.
Unknown command.
Unknown command.
Unknown command.
Unknown command.
ATTACK MOVE TO (0,-1)
You sock the ogre!!
The ogre is severely wounded.
The ogre hits you with a giant club.
The vault warden shoots a bolt.
The bolt hits you!
Unknown command.
Unknown command.
Unknown command.
Unknown command.
ATTACK MOVE TO (0,-1)
You pound the ogre like an anvil!!!!
You kill the ogre!
Okawaru accepts your kill.
The yaktaur shoots a silver bolt.
The silver bolt hits you!
You die...

* * #####o., , , #.......o#*
, #........# #... p...# * ,
#...##...# , #...(c...# , ,*
#...##)))# #.....).)#
#+####+#+###g############
,,,........(..#.((......^..#
, ,...........#..(.........#
####...........#.)..........#
##.#...........#))..........#
...#...........#+####++####'#
...#...........#..# ..., #..#
...#...........#..#......#..#
##.#.####+###..#..#......#..#


You could see a vault warden, a yaktaur, an orc warrior and an orc.

Table legend:
 A = Turns spent in this place as a percentage of turns spent in the entire game.
 B = Non-inter-level travel turns spent in this place as a percentage of non-inter-level travel turns spent in the entire game.
 C = Inter-level travel turns spent in this place as a percentage of turns spent in this place.
 D = Turns resting spent in this place as a percentage of non-inter-level travel turns spent in this place.
 E = Turns spent auto-exploring this place as a percentage of non-inter-level travel turns spent in this place.
 F = Non-inter-level travel turns spent in this place divided by the number of levels of this place that you've seen.
                   A       B       C       D       E      F
               +-------+-------+-------+-------+-------+----------------------
         Total | 100.0 | 100.0 |   0.5 |   0.0 |   2.0 | 2073.6
       Dungeon |  39.4 |  39.3 |   0.6 |   0.0 |   2.3 | 1956.3
        Temple |   0.3 |   0.3 |   0.5 |   0.0 |   3.6 | 221.0
          Lair |  26.6 |  26.6 |   0.5 |   0.0 |   2.0 | 2483.5
   Spider Nest |  15.2 |  15.2 |   0.3 |   0.0 |   1.4 | 2265.2
  Orcish Mines |   7.2 |   7.2 |   0.3 |   0.0 |   2.3 | 1341.5
        Vaults |   9.2 |   9.2 |   0.3 |   0.0 |   1.7 | 3421.5
      Ice Cave |   2.2 |   2.3 |   0.0 |   0.5 |   1.1 | 1682.0
               +-------+-------+-------+-------+-------+----------------------

Table legend:
 A = Kills in this place as a percentage of kills in entire the game.
 B = Kills by you in this place as a percentage of kills by you in the entire game.
 C = Kills by friends in this place as a percentage of kills by friends in the entire game.
 D = Other kills in this place as a percentage of other kills in the entire game.
 E = Experience gained in this place as a percentage of experience gained in the entire game.
 F = Experience gained in this place divided by the number of levels of this place that you have seen.
                   A       B       C       D       E      F
               +-------+-------+-------+-------+-------+----------------------
         Total | 100.0 | 100.0 |  -nan |  -nan | 100.0 | 8639.5
       Dungeon |  31.8 |  31.8 |  -nan |  -nan |  20.1 | 4169.9
          Lair |  27.1 |  27.1 |  -nan |  -nan |  21.5 | 8362.8
   Spider Nest |  14.6 |  14.6 |  -nan |  -nan |  29.2 | 18160.8
  Orcish Mines |  12.7 |  12.7 |  -nan |  -nan |   5.8 | 4529.8
        Vaults |  10.0 |  10.0 |  -nan |  -nan |  21.2 | 32980.5
      Ice Cave |   3.9 |   3.9 |  -nan |  -nan |   2.2 | 6687.0
               +-------+-------+-------+-------+-------+----------------------

Vanquished Creatures
  Xtahua (Vaults:2)
  Rupert (Spider:5)
  Kirke (D:14)
  Roxanne (D:14)
  Donald (Vaults:2)
  Wiglaf (Spider:5)
  Maud (Spider:1)
  6 ghost moths
  Aizul (Spider:1)
  Louise (Spider:4)
  5 vault wardens
  A frost giant (D:14)
  Gastronok (D:9)
  8 emperor scorpions
  5 ironheart preservers
  A deep elf death mage (Vaults:1)
  4 vault guards
  A fire dragon (D:14)
  A great orb of eyes (Vaults:2)
  3 yaktaur captains
  Fannar (D:12)
  A rakshasa (Vaults:1)
  An ice dragon (Lair:6)
  8 hydras
  A centaur warrior (D:14)
  A catoblepas (D:14)
  4 ogre magi
  2 death yaks (Lair:8)
  A vampire mage (D:15)
  A tengu warrior (D:14)
  A shadow wraith (D:14)
  3 unseen horrors
  An ice devil (Vaults:1)
  6 skeletal warriors
  2 deep trolls (Orc:4)
  3 oklob plants
  A death drake (shapeshifter) (Vaults:1)
  An ice statue (IceCv)
  2 necromancers
  A deep elf summoner (Vaults:1)
  Pikel (D:8)
  10 hill giants
  3 ironbrand convokers (Vaults:1)
  A spectral wolf spider (D:15)
  26 wolf spiders
  A fire giant zombie (D:15)
  9 ugly things
  An orc sorcerer (Vaults:1)
  2 frost giant zombies (D:15)
  2 griffons
  9 orc knights
  A moth of wrath (Spider:4)
  21 orb spiders
  A manticore (D:15)
  7 black mambas
  5 hornets
  27 elephants
  4 vault sentinels (Vaults:1)
  A sixfirhy (Vaults:1)
  Maurice (D:8)
  6 cyclopes
  2 torpor snails
  11 spiny frogs
  A dire elephant skeleton (D:15)
  3 gargoyles
  An elephant slug zombie (D:9)
  3 yaktaurs
  A tengu conjurer (D:14)
  3 kobold demonologists (D:12)
  18 demonic crawlers
  3 fire drakes
  An efreet (D:14)
  4 komodo dragons
  2 spriggan druids (Lair:8)
  A redback zombie (Vaults:1)
  A deep elf priest (Vaults:1)
  A blue devil (Vaults:1)
  18 trolls
  12 freezing wraiths
  12 polar bears
  2 wolf spider simulacra (IceCv)
  20 jumping spiders
  3 boulder beetles
  A fire dragon zombie (D:14)
  14 two-headed ogres
  2 ravens (D:15)
  16 slime creatures
  A hornet zombie (D:14)
  10 spriggans
  7 deep elf magi
  21 trapdoor spiders
  3 shadows
  32 yaks
  15 humans (D:14)
  A trapdoor spider (shapeshifter) (D:14)
  34 redbacks
  4 water elementals (D:15)
  3 basilisks
  8 vampire mosquitoes
  2 wraiths
  2 hungry ghosts
  3 hogs (D:14)
  A steam dragon (Lair:3)
  20 tarantellas
  2 wyverns
  7 hippogriffs
  4 deep elf fighters (Vaults:1)
  33 wolves
  5 mottled dragons
  4 porcupines
  A soldier ant (D:13)
  A death yak simulacrum (IceCv)
  4 wargs
  2 eyes of draining
  32 water moccasins
  2 sky beasts
  11 wasps
  10 black bears
  A necrophage (D:6)
  20 orc warriors
  6 phantoms
  12 centaurs
  9 spiders
  An orc skeleton (Vaults:1)
  11 ice beasts
  45 ogres
  18 crocodiles
  2 hog zombies (D:14)
  2 big kobolds
  3 boring beetles
  A brain worm (D:15)
  16 giant frogs
  A water moccasin zombie (D:14)
  A tengu zombie (D:14)
  8 scorpions
  6 killer bees (D:10)
  A swamp dragon simulacrum (IceCv)
  7 wights
  5 electric eels
  11 crimson imps
  4 goliath beetles
  2 wasp zombies
  3 giant frog zombies
  17 orc priests
  7 centaur zombies
  2 draconian simulacra (IceCv)
  Crazy Yiuf (D:3)
  12 hounds
  3 jellies
  5 centaur skeletons
  A human simulacrum (Vaults:1)
  9 iguanas
  5 troll simulacra (IceCv)
  Natasha (thrice) (D:3)
  17 worker ants
  15 orc wizards
  2 spriggan simulacra (IceCv)
  An ogre zombie (Vaults:1)
  Ijyb (D:3)
  Jessica (D:2)
  17 sheep
  3 centaur simulacra (IceCv)
  Terence (D:2)
  A hound skeleton (D:10)
  A worker ant zombie (D:5)
  4 gnolls (D:10)
  77 river rats
  40 adders
  4 naga simulacra (IceCv)
  6 shadow imps
  5 giant mites
  13 white imps
  4 worms
  4 ogre simulacra (IceCv)
  An adder skeleton (D:9)
  7 giant geckos
  139 orcs
  2 giant cockroaches
  20 goblins
  16 hobgoblins
  16 jackals
  22 kobolds
  14 quokkas
  13 bats
  A giant gecko skeleton (D:4)
  6 giant newts
  A giant spore (D:12)
  A jackal zombie (D:6)
  2 quokka zombies
  12 rats
  5 ballistomycetes
  A bush (Lair:1)
  A fungus (Lair:7)
  7 plants
1432 creatures vanquished.

Vanquished Creatures (others)
  An unseen horror (D:14)
  A centaur skeleton (D:14)
  4 humans (D:14)
  A slave (D:8)
  A brain worm (D:14)
  An iguana (D:6)
  2 worker ants (D:14)
  2 adders (D:6)
  A shadow imp (D:14)
  2 hobgoblins
  2 giant spores (D:14)
  3 fungi
  3 plants (D:15)
24 creatures vanquished.

Grand Total: 1456 creatures vanquished

Notes
Turn   | Place    | Note
--------------------------------------------------------------
     0 | D:1      | gw, the Deep Dwarf Gladiator, began the quest for the Orb.
     0 | D:1      | Reached XP level 1. HP: 19/19 MP: 1/1
   290 | D:1      | Reached XP level 2. HP: 23/26 MP: 2/2
   567 | D:1      | Reached skill level 1 in Evocations
   749 | D:2      | Noticed Terence
   749 | D:2      | Noticed Jessica
   761 | D:2      | Killed Terence
   761 | D:2      | Reached XP level 3. HP: 32/32 MP: 3/3
   762 | D:2      | Killed Jessica
   762 | D:2      | Reached skill level 4 in Maces & Flails
   762 | D:2      | Reached skill level 1 in Armour
   837 | D:2      | Reached XP level 4. HP: 28/39 MP: 5/5
  1387 | D:3      | Noticed Ijyb
  1421 | D:3      | Killed Ijyb
  1430 | D:3      | Reached XP level 5. HP: 28/46 MP: 6/6
  1503 | D:3      | Noticed Crazy Yiuf
  1508 | D:3      | Killed Crazy Yiuf
  1706 | D:3      | Found a burning altar of Makhleb.
  1742 | D:3      | Noticed Natasha
  1764 | D:3      | Killed Natasha
  1764 | D:3      | Reached skill level 5 in Maces & Flails
  1861 | D:3      | Noticed Natasha
  1869 | D:3      | Killed Natasha
  2015 | D:3      | Noticed Natasha
  2020 | D:3      | Killed Natasha
  2028 | D:4      | Found Gificsank's Food Boutique.
  2210 | D:4      | Found a staircase to the Ecumenical Temple.
  2217 | D:4      | Reached XP level 6. HP: 42/55 MP: 8/8
  2225 | Temple   | Entered the Ecumenical Temple
  2233 | Temple   | Became a worshipper of Warmaster Okawaru
  2413 | D:4      | Found a glowing silver altar of Zin.
  2413 | D:4      | Found a glowing golden altar of the Shining One.
  2414 | D:4      | Found a white marble altar of Elyvilon.
  2458 | D:4      | Found a basalt altar of Yredelemnul.
  2642 | D:4      | Reached skill level 1 in Invocations
  2975 | D:4      | Reached XP level 7. HP: 57/62 MP: 9/9
  3306 | D:4      | Gained mutation: You are robust (+10% HP). [potion of beneficial mutation]
  3336 | D:5      | Entered Level 5 of the Dungeon
  3415 | D:5      | Reached skill level 6 in Maces & Flails
  3503 | D:5      | Acquired Okawaru's first power
  3709 | D:5      | Found an opulent altar of Gozag.
  3720 | D:5      | Found a shattered altar of Ashenzari.
  3872 | D:5      | Reached XP level 8. HP: 54/79 MP: 12/12
  4066 | D:5      | Reached skill level 7 in Maces & Flails
  4234 | D:5      | Identified a scroll of acquirement
  4235 | D:5      | Got a twisted eveningstar
  4236 | D:5      | Identified the +2 eveningstar of the Five Runes {crush, -Cast rF+ rN+ MR+ Int+4} (You acquired it on level 5 of the Dungeon)
  4483 | D:6      | Found a shimmering altar of Xom.
  4675 | D:6      | Reached skill level 5 in Armour
  4675 | D:6      | Reached skill level 5 in Invocations
  4714 | D:6      | Reached skill level 5 in Fighting
  4720 | D:6      | Reached skill level 8 in Maces & Flails
  4868 | D:6      | Found a radiant altar of Vehumet.
  5404 | D:7      | Gained mutation: You passively map the area around you. [level up]
  5404 | D:7      | Reached XP level 9. HP: 50/89 MP: 14/16
  5694 | D:7      | Found a sacrificial altar of Ru.
  6325 | D:8      | Reached skill level 9 in Maces & Flails
  6364 | D:8      | Found a staircase to the Lair.
  6364 | D:8      | Noticed Maurice
  6369 | D:8      | Killed Maurice
  6888 | D:8      | Reached skill level 1 in Crossbows
  6900 | D:8      | Noticed Pikel
  6977 | D:8      | Killed Pikel
  6977 | D:8      | Reached XP level 10. HP: 62/100 MP: 20/20
  6979 | D:8      | Reached skill level 10 in Maces & Flails
  7196 | D:8      | Received a gift from Okawaru
  7401 | D:8      | Gained mutation: You are partially covered in molten scales (AC +1). [potion of mutation]
  7401 | D:8      | Gained mutation: Scrolls take you a little longer to read. [potion of mutation]
  7401 | D:8      | Gained mutation: You are very robust (+20% HP). [potion of mutation]
  7555 | D:9      | Noticed Gastronok
  7568 | D:9      | Killed Gastronok
  7568 | D:9      | Acquired Okawaru's second power
  7585 | D:9      | Received a gift from Okawaru
  7621 | D:9      | Found an ancient bone altar of Kikubaaqudgha.
  7766 | D:9      | Found a staircase to the Orcish Mines.
  7848 | D:9      | Reached skill level 11 in Maces & Flails
  8174 | D:10     | Entered Level 10 of the Dungeon
  8184 | D:10     | Noticed a hill giant
  8193 | D:10     | Killed a hill giant
  8193 | D:10     | Reached XP level 11. HP: 80/120 MP: 19/22
  9381 | D:11     | Reached skill level 5 in Crossbows
  9938 | Lair:1   | Entered Level 1 of the Lair of Beasts
 10126 | Lair:1   | Reached skill level 12 in Maces & Flails
 10181 | Lair:1   | Found a glowing silver altar of Zin.
 10213 | Lair:1   | Received a gift from Okawaru
 10213 | Lair:1   | Reached skill level 10 in Invocations
 11206 | Lair:3   | Reached XP level 12. HP: 70/132 MP: 24/24
 11253 | Lair:3   | Noticed a seven-headed hydra
 11263 | Lair:3   | Killed a seven-headed hydra
 11276 | Lair:3   | Found a labyrinth entrance.
 11284 | Lair:3   | Found a hole to the Spider Nest.
 11289 | Lair:3   | Received a gift from Okawaru
 11800 | Lair:3   | Noticed a seven-headed hydra
 11807 | Lair:3   | Killed a seven-headed hydra
 11807 | Lair:3   | Received a gift from Okawaru
 12046 | Lair:4   | Received a gift from Okawaru
 12364 | Lair:4   | Found a staircase to the Shoals.
 12864 | Lair:4   | Reached skill level 13 in Maces & Flails
 12911 | Lair:4   | Reached skill level 10 in Armour
 12943 | Lair:4   | Noticed a seven-headed hydra
 12969 | Lair:4   | Killed a seven-headed hydra
 12969 | Lair:4   | Received a gift from Okawaru
 13527 | Lair:5   | Received a gift from Okawaru
 13749 | Lair:5   | Found a hole to the Spider Nest.
 13917 | Lair:5   | Noticed a seven-headed hydra
 13925 | Lair:5   | Killed a seven-headed hydra
 14190 | Lair:5   | Received a gift from Okawaru
 14481 | Lair:5   | Reached XP level 13. HP: 78/144 MP: 22/22
 15194 | Lair:6   | Found a frozen archway.
 15202 | Lair:6   | Received a gift from Okawaru
 15215 | IceCv    | Entered an ice cave
 15483 | IceCv    | Received a gift from Okawaru
 15485 | IceCv    | Got a transparent triple crossbow {god gift}
 15486 | IceCv    | Identified the -1 triple crossbow "Igataeli" {penet, rPois MR+ Str+2} (Okawaru gifted it to you in an ice cave)
 15633 | IceCv    | Reached skill level 14 in Maces & Flails
 15769 | IceCv    | Found an ancient bone altar of Kikubaaqudgha.
 16643 | Lair:7   | Received a gift from Okawaru
 17001 | Lair:7   | Got a polished morningstar
 17003 | Lair:7   | Identified the +9 morningstar of Linearity {speed, rPois MR+ Str-2 Dex+2} (You found it on level 7 of the Lair of Beasts)
 17030 | Lair:7   | Found a staircase to the Slime Pits.
 17389 | Lair:8   | Entered Level 8 of the Lair of Beasts
 17529 | Lair:8   | Received a gift from Okawaru
 17560 | Lair:8   | Gained mutation: You resist negative energy. [level up]
 17560 | Lair:8   | Reached XP level 14. HP: 84/156 MP: 12/18
 17760 | Lair:8   | Reached skill level 10 in Fighting
 17836 | Lair:8   | Reached skill level 15 in Maces & Flails
 18268 | Lair:8   | Received a gift from Okawaru
 19079 | Lair:8   | Lost mutation: You are very robust (+20% HP). [potion of cure mutation]
 19079 | Lair:8   | Lost mutation: You are robust (+10% HP). [potion of cure mutation]
 19079 | Lair:8   | Lost mutation: Scrolls take you a little longer to read. [potion of cure mutation]
 19079 | Lair:8   | Lost mutation: You are partially covered in molten scales (AC +1). [potion of cure mutation]
 19187 | Lair:6   | Received a gift from Okawaru
 20515 | D:12     | Received a gift from Okawaru
 20517 | D:12     | Got a pitted crystal plate armour {god gift}
 20528 | D:12     | Identified the +8 crystal plate armour "Priffov" {rC+ rN+ Str+5} (Okawaru gifted it to you on level 12 of the Dungeon)
 20633 | D:12     | Noticed Fannar
 20647 | D:12     | Killed Fannar
 20647 | D:12     | Reached skill level 10 in Crossbows
 20969 | Orc:1    | Entered Level 1 of the Orcish Mines
 21754 | Orc:3    | Found a roughly hewn altar of Beogh.
 22349 | Orc:4    | Entered Level 4 of the Orcish Mines
 22371 | Orc:4    | Found a staircase to the Elven Halls.
 22483 | Orc:4    | Found Limyxoud's Book Boutique.
 22497 | Orc:4    | Reached skill level 16 in Maces & Flails
 22508 | Orc:4    | Reached XP level 15. HP: 74/140 MP: 11/19
 22562 | Orc:4    | Found Pnuaxkoa's Distillery.
 22640 | Orc:4    | Found Pruchuch's Antique Armour Shoppe.
 22641 | Orc:4    | Found Moexoem's Distillery.
 24084 | D:13     | Found a portal to a secret trove of treasure.
 24155 | D:14     | Found a gate to the Vaults.
 24213 | D:14     | Noticed Kirke
 24214 | D:14     | Noticed a sphinx
 24261 | D:14     | Received a gift from Okawaru
 24267 | D:14     | Noticed a sphinx
 24356 | D:14     | Killed Kirke
 24390 | D:14     | Got a pair of translucent gloves {god gift}
 24401 | D:14     | Identified the +2 pair of gloves "Gagrep" {rPois rC+ rCorr Str-2 Dex+4} (Okawaru gifted it to you on level 14 of the Dungeon)
 24550 | D:14     | Found Pruawaca's Food Shoppe.
 24895 | D:14     | Noticed Roxanne
 24914 | D:14     | Killed Roxanne
 25587 | D:15     | Entered Level 15 of the Dungeon
 25590 | D:15     | Found a staircase to the Depths.
 26500 | D:15     | Reached skill level 17 in Maces & Flails
 26917 | Lair:3   | Reached XP level 16. HP: 100/150 MP: 12/12
 26963 | Spider:1 | Entered Level 1 of the Spider Nest
 26963 | Spider:1 | Noticed Aizul
 26975 | Spider:1 | Killed Aizul
 27206 | Spider:1 | Noticed Maud
 27221 | Spider:1 | Killed Maud
 27221 | Spider:1 | Received a gift from Okawaru
 27608 | Spider:2 | Received a gift from Okawaru
 27714 | Spider:2 | Received a gift from Okawaru
 27799 | Spider:2 | Reached skill level 15 in Invocations
 29869 | Spider:4 | Noticed Louise
 29883 | Spider:4 | Killed Louise
 30270 | Spider:4 | Received a gift from Okawaru
 30418 | Spider:4 | Received a gift from Okawaru
 30436 | Spider:4 | Received a gift from Okawaru
 30667 | Spider:4 | Reached skill level 18 in Maces & Flails
 30828 | Spider:5 | Entered Level 5 of the Spider Nest
 30844 | Spider:5 | Noticed Rupert
 30854 | Spider:5 | Received a gift from Okawaru
 30879 | Spider:5 | Killed Rupert
 30890 | Spider:5 | Reached XP level 17. HP: 88/159 MP: 7/7
 31212 | Spider:5 | Noticed Wiglaf
 31246 | Spider:5 | Killed Wiglaf
 31520 | Spider:5 | Got a gossamer rune of Zot
 32257 | Vaults:1 | Entered Level 1 of the Vaults
 32368 | Vaults:1 | Received a gift from Okawaru
 32722 | Vaults:1 | Received a gift from Okawaru
 32742 | Vaults:1 | Received a gift from Okawaru
 33605 | Vaults:1 | Reached skill level 15 in Armour
 33840 | Vaults:1 | Reached skill level 19 in Maces & Flails
 34055 | Vaults:1 | Gained mutation: You passively map a large area around you. [level up]
 34055 | Vaults:1 | Reached XP level 18. HP: 85/170 MP: 1/1
 34267 | Vaults:2 | Noticed Xtahua
 34281 | Vaults:2 | Killed Xtahua
 34388 | Vaults:2 | Noticed Donald
 34395 | Vaults:2 | Killed Donald
 34553 | Vaults:2 | Received a gift from Okawaru
 34622 | Vaults:2 | HP: 7/170 [yaktaur/silver bolt[a vault warden] (2)]
 34626 | Vaults:2 | Shot with a silver bolt by a yaktaur

Action                   |  1- 3 |  4- 6 |  7- 9 | 10-12 | 13-15 | 16-18 || total
-------------------------+-------+-------+-------+-------+-------+-------++-------
Melee: Flail             |    76 |   174 |   184 |       |       |       ||   434
       Eveningstar       |       |       |   229 |   609 |   199 |       ||  1037
       Dire flail        |       |       |       |       |    56 |       ||    56
       Morningstar       |       |       |       |       |   893 |   925 ||  1818
       Triple crossbow   |       |       |       |       |    25 |    23 ||    48
 Fire: Hand crossbow     |       |       |    24 |   297 |    16 |       ||   337
       Triple crossbow   |       |       |       |       |   371 |   141 ||   512
Invok: Heroism           |       |       |     2 |    13 |    19 |    12 ||    46
       Finesse           |       |       |       |     4 |     8 |       ||    12
 Abil: Device Recharging |       |       |     1 |     5 |    14 |    15 ||    35
Evoke: Wand              |     1 |     3 |     3 |    10 |    55 |    65 ||   137
  Use: Scroll            |     3 |     4 |     8 |    11 |     8 |     6 ||    40
       Potion            |     2 |     2 |     9 |     8 |     5 |     8 ||    34
 Stab: Paralysed         |       |       |     1 |       |       |       ||     1
       Petrifying        |       |       |       |       |     1 |       ||     1
  Eat: Chunk             |       |     8 |    13 |    25 |    38 |    26 ||   110
       Bread ration      |       |       |     1 |       |     1 |       ||     2

Vault maps used:
D:1:      roderic_crossed_star
D:2:      first_bread, uniq_terence, uniq_jessica
D:3:      lemuel_doored_altar, corexii_item_surrounded_by_moat, uniq_natasha,
          uniq_iyjb, uniq_crazy_yiuf_cottage
D:4:      good_gods_temple_1, lemuel_round_altar, minmay_temple_entry_grid,
          serial_shops, shop
D:5:      gammafunk_temple_overflow_pools
D:6:      vehumet_altar_wand_db, minmay_misc_feat_iff, xom_confusion_cloud
D:7:      nicolae_ru_great_annihilating_truth, grunt_ogre_cave,
          kennysheep_generic_room_13
D:8:      lair_0_dummy, centaur_isle, uniq_maurice, uniq_pikel
D:9:      kennysheep_mini, uniq_gastronok
D:10:     kennysheep_generic_room_10
D:12:     uniq_fannar
D:13:     enter_trove_5
D:14:     minmay_connected_boxes_in_corner, david_vaults_3, serial_shops, shop,
          serial_glass, glass_columns_a, glass_columns_a, uniq_kirke,
          uniq_roxanne
D:15:     gammafunk_depths_entry_grave, serial_bayou, serial_bayou_pond_c,
          serial_bayou_pond_c, serial_bayou_pond_a, serial_bayou_lake_a
Temple:   dpeg_three_leaves_temple_9
Lair:1:   basic_altar, minmay_lair_oklob_bushes, serial_bayou_shore_a
Lair:3:   spider_nest_entry_rubble, lab_entry_generic
Lair:4:   lemuel_reptile_caves, minmay_shoals_entry_centaurs,
          lemuel_fruit_fields
Lair:5:   minmay_lair_oklob_chamber, nicolae_spider_entry_non_spiders,
          lemuel_fruit_fields
Lair:6:   portal_ice_cave_entry_dragon
Lair:7:   minmay_slime_entry_pillars, grunt_forest_large_clearing_hut
Lair:8:   minmay_lair_end_enchanted_forest, lightli_volcano_entry_magma_tube,
          st_stairs_10, serial_bayou_ford_a
Spider:1: uniq_aizul, uniq_maud
Spider:2: nicolae_spider_shape
Spider:3: nicolae_spider_hall_of_the_moth_king
Spider:4: nicolae_spider_corner, hangedman_spider_tarantella_strand, uniq_louise
Spider:5: grunt_spider_rune_circles, uniq_wiglaf, uniq_rupert
Orc:2:    mines5_lemuel
Orc:3:    basic_altar, nicolae_orc_pool_cavern
Orc:4:    st_orc_open, mines2_lemuel
Vaults:1: serial_ice_g, hangedman_vaults_locks, v_misc_28,
          grunt_vaults_diagonal, nicolae_vaults_border_crossing,
          nicolae_vaults_rhombus_5, grunt_vaults_focal, dpeg_vaults_monster_box
Vaults:2: grunt_vaults_funnel, v_rooms_6, grunt_vaults_hallway_long,
          ontoclasm_vaults_ring_large, hangedman_vaults_corner,
          ontoclasm_vaults_shuriken, vaults_room_pool,
          nicolae_vaults_sealed_display, v_misc_25, vaults_standard_mumra_x,
          vaults_dpeg_ring, ontoclasm_vaults_ligature, uniq_donald, uniq_xtahua,
          uniq_sojobo
IceCv:    ice_cave_small_necro
